AoeStats
← 739697286

Pilgrims

510097987Analyzed
4v4 RM · 4d ago on Sep 29, 2026· 18m 14s· 8 players
Game mode
Random Map
Map size
Large (8 player)
Population
200
Speed
Normal
Resources
Standard
Victory
Conquest
Starting age
Dark Age
Ending age
Imperial Age
RankedLock teamsTeams togetherTeam positionsShared explorationLock speedFull tech treeHidden civsTurbo modeCheats
Victory
Defeat
🇹🇷 Byzantines · Türkiye
1340
+14
🇭🇰 Sicilians · Hong Kong SAR China
1294
+16
🇨🇳 Danes · China
1234
+19
🇨🇳 Japanese · China
1227
+19
🇨🇳 Celts · China
1434
-22
🇪🇸 Burmese · Spain
1270
-16
🇫🇷 Bengalis · France
1242
-15
🇷🇴 Spanish · Romania
1238
-15
Aker Starlight
6:06 Loom
11:00 Feudal Age
12:14 Double-Bit Axe
14:05 Forging
19:59 Castle Age
17:57 Stone Mining
仙逆许木
4:26 Loom
12:02 Feudal Age
16:02 Castle Age
14:34 Fletching
16:56 Medium Warships
16:44 Bodkin Arrow
18:29 Double-Bit Axe
lxc
13:00 Feudal Age
17:07 Castle Age
15:29 Scale Mail Armor
15:39 Forging
18:00 Double-Bit Axe
18:02 Horse Collar
19:02 Wheelbarrow
18:43 Chain Mail Armor
C42
11:12 Feudal Age
11:47 Double-Bit Axe
11:45 Fishing Lines
15:48 Gold Mining
15:53 Fletching
18:29 Castle Age
CampaCar
7:31 Loom
11:16 Feudal Age
12:27 Fishing Lines
15:14 Forging
15:03 Town Watch
18:45 Castle Age
Kim jong-un
11:13 Feudal Age
15:50 Castle Age
13:58 Double-Bit Axe
14:42 Loom
14:56 Gold Mining
14:56 Horse Collar
16:42 Bow Saw
18:15 Stone Mining
739697286
1:40 Loom
8:56 Feudal Age
11:47 Gold Mining
11:52 Double-Bit Axe
15:34 Wheelbarrow
RoaZorro
Connection lost

Rejoining the realm…

Still unreachable

The connection could not be restored.

Session expired

The server has moved on; the page needs a fresh start.